 Dungeon Crawl Stone Soup version 0.28.0-47-ge53b351184 (webtiles) character file.

Game seed: 1323236918452953785

9 pkoi the Conjurer (level 1, -2/14 HPs)
             Began as a Demigod Conjurer on May 8, 2022.
             Slain by an adder (5 damage)
             ... on level 2 of the Dungeon.
             The game lasted 00:00:54 (1071 turns).

pkoi the Conjurer (Demigod Conjurer)                Turns: 1071, Time: 00:00:55

Health: -2/14      AC:  2    Str:  8    XL:     1   Next: 86%
Magic:  0/5        EV: 12    Int: 20    God:
Gold:   21         SH:  0    Dex: 12    Spells: 2/3 levels left

rFire   . . .      SeeInvis .   f - +0 hand axe
rCold   . . .      Faith    .   (no shield)
rNeg    . . .      Spirit   .   a - +0 robe
rPois   .          Reflect  .   (no helmet)
rElec   .          Harm     .   (no cloak)
rCorr   .          Rampage  .   (no gloves)
Will    .....                   (no boots)
Stlth   ++........              (no amulet)
HPRegen 0.04/turn               (no ring)
MPRegen 0.09/turn               (no ring)

@: attractive, very slightly contaminated
A: high MP 1, forlorn, divine attributes
a: no special abilities


You were on level 2 of the Dungeon.
You visited 1 branch of the dungeon, and saw 2 of its levels.

You collected 21 gold pieces.

Inventory:

Hand Weapons
 f - a +0 hand axe (weapon)
Armour
 a - a +0 robe (worn)
Jewellery
 g - an amulet of regeneration
 h - a ring of wizardry
Wands
 b - a wand of polymorph (13)
Scrolls
 c - a scroll of identify
Potions
 e - a potion of lignification


   Skills:
 - Level 1.7 Dodging
 - Level 1.7 Stealth
 - Level 1.7 Spellcasting
 * Level 4.0 Conjurations
 + Level 0.0 Evocations


You had 2 spell levels left.
You knew the following spells:

 Your Spells              Type           Power      Damage    Failure   Level
a - Magic Dart            Conj           72%        1d6       3%          1

Your spell library contained the following spells:

 Spells                   Type           Power      Damage    Failure   Level
 Searing Ray              Conj           36%        2d5       4%          2
 Dazzling Flash           Conj/Hex       18%        N/A       22%         3
 Fulminant Prism          Conj/Hex       4%         3d6       56%         4
 Iskenderun's Mystic Bla  Conj/Tloc      9%         2d4       56%         4


Dungeon Overview and Level Annotations

Branches:
Dungeon (2/15)


Innate Abilities, Weirdness & Mutations

You have an increased reservoir of magic. (+10% MP)
You shall have no god before yourself.
Your divine heritage dramatically boosts your attributes as you level up.


Message History

An adder is nearby!
An adder is nearby!
The magic dart hits the adder.
The adder is moderately wounded.
The adder hisses angrily.
The adder bites you.
You are poisoned.
The adder poisons you!
You miscast Magic Dart.
You are very lightly contaminated with residual magic.
Nothing appears to happen.
You feel sick. The adder bites you.
* * * LOW HITPOINT WARNING * * *
You are too injured to fight recklessly!
You are too injured to fight recklessly!
You are too injured to fight recklessly!
Aiming: Magic Dart (safe; 3% risk of failure)
Press: ? - help, Q - select action, (/) - cycle Shift-Dir - straight line, f/p - adder
Aim: an adder (moderately wounded, 100% to hit)
The magic dart hits the adder.
The adder is moderately wounded.
You feel sick. The adder bites you.
* * * LOW HITPOINT WARNING * * *
Aiming: Magic Dart (safe; 3% risk of failure)
Press: ? - help, Q - select action, (/) - cycle Shift-Dir - straight line, f/p - adder
Aim: an adder (moderately wounded, 100% to hit)
You miscast Magic Dart.
Nothing appears to happen.
You feel sick. The adder closely misses you. x2
Unknown command.
Aiming: Magic Dart (safe; 3% risk of failure)
Press: ? - help, Q - select action, (/) - cycle Shift-Dir - straight line, f/p - adder
Aim: an adder (moderately wounded, 100% to hit)
The magic dart hits the adder.
The adder is heavily wounded.
You feel sick. The adder barely misses you.
It was a potion of attraction.
You feel attractive to monsters.
You feel sick.
You are no longer poisoned.
The adder bites you.
You die...

****,**,* *,*#,*####.# #.#
#. *,,,,,,,*
*,*#.##....######.# #.
*,*,,,,,*
*,,#..............# #.
*,*,,**,*
**,####.########### #.
*,*,,**,***#.####># #.
*,*,,,,,,,,,#.....# #.
*,*,,**,,**#.###..# #.
*,*,,**,,***,* #..# *,
*,*,,,,,,,,,,**#@.# *,
*,,,,**,,**#...S..# *,
*,,,,**,,* #.##.#.#* *,
*,,,,,,,,* *,,)###.** *,
**,*****>***,.#* *#.* *,
*,* *,**,..,***,## *, *,*
*,,,..,,,*,,*************,
*,*
***#..,**,*,,,,,,,,,,,,,,,
*,*
**,*****,,*************


You could see an adder.

Vanquished Creatures
  2 endoplasms
  A giant cockroach (D:1)
  2 hobgoblins (D:1)
  A kobold (D:1)
  2 rats (D:1)
8 creatures vanquished.

Notes
Turn   | Place    | Note
-------+----------+-------------------------------------------
     0 | D:1      | pkoi the Demigod Conjurer began the quest for the Orb.
     0 | D:1      | Reached XP level 1. HP: 14/14 MP: 5/5
   757 | D:1      | Reached skill level 4 in Conjurations
  1071 | D:2      | Slain by an adder

Illustrated notes

Levels and vault maps discovered:
D:1:      tarquinn_simple_flora_water_c, layout_basic
D:2:      layout_loops_ring, basic_altar, nicolae_ecumenical_oubliette

Skill      XL: |  1 |
---------------+----+-----
Conjurations   | 4 |  4.0
Dodging        | |  1.7
Stealth        | |  1.7
Spellcasting   | |  1.7

Action                   || total
-------------------------++-------
Melee: Hand axe          ||     3
 Cast: Magic Dart        ||    20
  Use: Scroll            ||     3
       Potion            ||     2
Dodge: Dodged            ||     4
